AoeStats
← OuFo5 ツ

Arena

509761893Analyzed
2v2 RM · 5d ago on Sep 27, 2026· 40m 45s· 4 players
Game mode
Random Map
Map size
Medium (4 player)
Population
200
Speed
Normal
Resources
Standard
Victory
Conquest
Starting age
Dark Age
Ending age
Imperial Age
RankedLock teamsTeams togetherTeam positionsShared explorationLock speedFull tech treeHidden civsTurbo modeCheats
Victory
Defeat
🇧🇷 Japanese · Brazil
831
+15
🇺🇸 Persians · United States
782
+17
🇨🇴 Poles · Colombia
799
-16
🇨🇴 Huns · Colombia
799
-16
OuFo5 ツ
9:54 Loom
12:01 Feudal Age
12:58 Horse Collar
13:10 Double-Bit Axe
15:56 Horse Collar
18:55 Wheelbarrow
20:27 Castle Age
18:32 Gold Mining
19:35 Forging
19:30 Scale Barding Armor
20:04 Forging
22:07 Wheelbarrow
22:01 Bow Saw
21:47 Stone Mining
22:00 Heavy Plow
26:13 Treadmill Crane
26:30 Murder Holes
26:40 Husbandry
26:51 Bloodlines
26:03 Light Cavalry
28:04 Szlachta Privileges
28:42 Fortified Wall
28:18 Pikeman
28:59 Squires
28:44 Arson
30:03 Scale Mail Armor
31:12 Town Watch
31:56 Chain Barding Armor
32:11 Iron Casting
35:55 Imperial Age
34:25 Caravan
34:52 Hand Cart
34:58 Hand Cart
35:03 Chain Mail Armor
37:22 Winged Hussar
38:56 Conscription
39:09 Crop Rotation
40:02 Town Patrol
40:45 Iron Casting
Totopo0777
10:55 Feudal Age
12:10 Horse Collar
12:17 Double-Bit Axe
20:07 Castle Age
20:23 Wheelbarrow
19:34 Town Watch
19:15 Man-at-Arms
20:27 Gold Mining
20:27 Stone Mining
21:19 Long Swordsman
28:44 Scale Mail Armor
28:50 Scale Barding Armor
33:47 Imperial Age
33:37 Bow Saw
33:37 Heavy Plow
34:03 Husbandry
34:48 Cavalier
36:42 Paladin
ColeEcoBOOM
3:51 Loom
13:08 Feudal Age
14:28 Double-Bit Axe
14:26 Horse Collar
15:37 Stone Mining
16:04 Gold Mining
19:01 Wheelbarrow
18:11 Town Watch
19:56 Fletching
22:43 Castle Age
21:37 Forging
21:45 Scale Barding Armor
22:43 Scale Mail Armor
22:44 Padded Archer Armor
23:53 Bow Saw
23:54 Heavy Plow
25:32 Hand Cart
26:35 Stone Shaft Mining
26:46 Gold Shaft Mining
27:51 Hand Cart
32:29 Imperial Age
30:45 Bodkin Arrow
33:27 Crop Rotation
33:58 Two-Man Saw
34:06 Iron Casting
33:56 Chain Barding Armor
36:32 Blast Furnace
35:32 Guard Tower
35:54 Masonry
36:16 Ballistics
35:53 Murder Holes
36:16 Guilds
37:35 Plate Barding Armor
38:21 Hoardings
38:57 Architecture
40:08 Town Patrol
[̲̅2̲̅D̲̅]
7:30 Loom
11:13 Feudal Age
11:44 Double-Bit Axe
12:36 Wheelbarrow
12:23 Man-at-Arms
12:48 Arson
17:57 Horse Collar
22:17 Castle Age
20:04 Loom
22:17 Scale Mail Armor
22:27 Forging
23:37 Hand Cart
23:36 Bow Saw
26:06 Squires
28:18 Gold Mining
28:19 Stone Mining
29:45 Gold Shaft Mining
29:32 Heavy Plow
32:31 Chain Mail Armor
35:32 Iron Casting
41:04 Imperial Age
Connection lost

Rejoining the realm…

Still unreachable

The connection could not be restored.

Session expired

The server has moved on; the page needs a fresh start.